 Dungeon Crawl Stone Soup version 0.29.1-12-g30fa7ad0bf (webtiles) character file.

Game seed: 17201728937996787075

711 hawla the Firebug (level 8, -6/59 HPs)
             Began as a Meteoran Fire Elementalist on Jan 13, 2023.
             Mangled by Edmund
             ... wielding a +1 flail of protection
              (12 damage)
             ... on level 5 of the Dungeon.
             The game lasted 00:11:27 (2107 turns).

hawla the Firebug (Meteoran Fire Elementalist)      Turns: 2107, Time: 00:11:27

Health: -6/59      AC:  2    Str:  9    XL:     8   Next: 20%
Magic:  11/16      EV: 13    Int: 24    God:
Gold:   158        SH:  0    Dex: 16    Spells: 10/17 levels left

rFire   . . .      SeeInvis .   t - staff of conjuration
rCold   . . .      Faith    .   p - orb {*channel}
rNeg    . . .      Spirit   .   a - +0 robe
rPois   .          Reflect  .   (no helmet)
rElec   .          Harm     .   (no cloak)
rCorr   .          Rampage  .   (no gloves)
Will    ++...                   (no boots)
Stlth   +.........              b - amulet of the acrobat
HPRegen 0.19/turn               c - ring of willpower
MPRegen 0.15/turn               g - +6 ring of intelligence

@: glowing
A: sense surroundings 1, otherworldly, glowing, explore regen
a: no special abilities


You were on level 5 of the Dungeon.
You visited 2 branches of the dungeon, and saw 6 of its levels.
You also visited: Sewer.

You collected 158 gold pieces.

Inventory:

Armour
 a - a +0 robe (worn)
 p - an orb of energy (worn)
Magical Staves
 t - a staff of conjuration (weapon)
Jewellery
 b - an amulet of the acrobat (around neck)
 c - a ring of willpower (left hand)
 g - a +6 ring of intelligence (right hand)
 i - a ring of fire
Wands
 e - a wand of iceblast (19)
 r - a wand of charming (9)
 s - a wand of polymorph (4)
Scrolls
 d - a scroll of fog
 f - a scroll of teleportation {unknown}
 h - a scroll of fear
 j - a scroll of enchant armour {unknown}
 l - a scroll of identify
 q - a scroll of poison {unknown}
Potions
 k - 3 potions of magic
 m - 2 potions of haste {unknown}
 n - a potion of mutation {unknown}
 o - 3 potions of heal wounds {unknown}
 u - a potion of ambrosia {unknown}


   Skills:
 - Level 1.0 Fighting
 - Level 4.0 Dodging
 - Level 1.6 Stealth
 - Level 0.4 Unarmed Combat
 - Level 5.1 Spellcasting
 - Level 5.1 Conjurations
 - Level 5.4 Fire Magic
 + Level 4.0 Evocations


You had 10 spell levels left.
You knew the following spells:

 Your Spells              Type           Power      Damage    Failure   Level
a - Foxfire               Conj/Fire      100%       2x1d9     1%          1
b - Scorch                Fire           64%        2d8       1%          2
c - Flame Wave            Conj/Fire      47%        2d12      10%         4

Your spell library contained the following spells:

 Spells                   Type           Power      Damage    Failure   Level
 Conjure Flame            Conj/Fire      47%        6-21      3%          3
 Inner Flame              Hex/Fire       19%        N/A       9%          3
 Ozocubu's Armour         Ice            6%         N/A       26%         3
 Ozocubu's Refrigeration  Ice            3%         4d8       100%        7


Dungeon Overview and Level Annotations

Branches:
Dungeon (5/15) Zot: 1223   Temple (1/1) D:4 Zot: 491   Sewer (visited)

Altars:
Cheibriados
Dithmenos
Elyvilon
Fedhas
Gozag
Hepliaklqana
Makhleb
Nemelex Xobeh
Okawaru
Uskayaw
Wu Jian
Zin
The Shining One

Annotations:
D:5 Edmund


Innate Abilities, Weirdness & Mutations

You passively map a small area around you.
You are easily found by Zot.
You glow in the dark.
You regain HP and MP as you explore.


Message History

Deactivating autopickup; reactivate with Ctrl-A.
Your Evocations skill increases to level 4!
Casting: Scorch (safe; 1% risk of failure)
Confirm with . or Enter, or press ? or * to list all spells.
Flames lash something but do no damage.
Casting: Scorch (safe; 1% risk of failure)
Confirm with . or Enter, or press ? or * to list all spells.
Flames lash something.
You hear a shout!
Something hits you!
Casting: Scorch (safe; 1% risk of failure)
Confirm with . or Enter, or press ? or * to list all spells.
Flames lash something but do no damage.
Something hits you.
Casting: Scorch (safe; 1% risk of failure)
Confirm with . or Enter, or press ? or * to list all spells.
Flames lash something but do no damage.
Something hits you!
Casting: Scorch (safe; 1% risk of failure)
Confirm with . or Enter, or press ? or * to list all spells.
Flames lash something but do no damage.
Something hits you.
Casting: Scorch (safe; 1% risk of failure)
Confirm with . or Enter, or press ? or * to list all spells.
Flames lash something but do no damage.
A shadow imp comes into view.
Something hits you! Magic courses through your body. Something hits you.
* * * LOW HITPOINT WARNING * * *
Casting: Scorch (safe; 1% risk of failure)
Confirm with . or Enter, or press ? or * to list all spells.
Flames lash something.
Something hits you.
* * * LOW HITPOINT WARNING * * *
Casting: Scorch (safe; 1% risk of failure)
Confirm with . or Enter, or press ? or * to list all spells.
Flames lash something but do no damage.
Something hits you!
* * * LOW HITPOINT WARNING * * *
Casting: Scorch (safe; 1% risk of failure)
Confirm with . or Enter, or press ? or * to list all spells.
Flames lash the shadow imp.
You kill the shadow imp!
Something hits you!
You die...

* #..## ##..# ,
#..# , #..##
##..# , #..##
##..# ,
#######..###...
,
.......@.......
*
.......{.......
..............#
,
....?........##
..#.........##
* . #........##
#.#.#....., *
#.....##... * ,
*,


There were no monsters in sight!

Vanquished Creatures
  A black bear (D:5)
  An ogre (D:4)
  A phantom (D:4)
  2 kobold brigands (Sewer)
  A necrophage (D:4)
  3 hounds
  2 orc priests (D:3)
  2 river rats (D:4)
  4 shadow imps
  3 dart slugs
  4 orcs (D:3)
  5 endoplasms
  2 giant cockroaches (D:4)
  A hobgoblin (D:3)
  4 jackals (D:4)
  22 kobolds
  3 quokkas
  6 ball pythons
  4 bats
  2 frilled lizards
  3 goblins (D:3)
  7 rats
83 creatures vanquished.

Vanquished Creatures (others)
  131 foxfires
  A fungus (Sewer)
  9 plants
141 creatures vanquished.

Grand Total: 224 creatures vanquished

Notes
Turn   | Place    | Note
-------+----------+-------------------------------------------
     0 | D:1      | hawla the Meteoran Fire Elementalist began the quest for
                  | the Orb.
     0 | D:1      | Reached XP level 1. HP: 14/14 MP: 5/5
   115 | D:2      | Reached XP level 2. HP: 3/20 MP: 3/6
   118 | D:2      | Learned a level 2 spell: Scorch
   186 | D:3      | Reached XP level 3. HP: 15/26 MP: 1/8
   242 | D:3      | Found a transporter.
   465 | D:3      | Found a transporter.
   805 | D:4      | Noticed a phantom
   812 | D:4      | Killed a phantom
   813 | D:4      | Reached XP level 4. HP: 33/33 MP: 1/10
   813 | D:4      | Reached XP level 5. HP: 38/38 MP: 1/11
   820 | D:3      | Learned a level 4 spell: Flame Wave
   822 | D:4      | Noticed a necrophage
   839 | D:4      | Killed a necrophage
   840 | D:4      | Reached XP level 6. HP: 35/45 MP: 3/12
  1211 | D:4      | Found a sparkling altar of Nemelex Xobeh.
  1253 | D:4      | Noticed an ogre
  1257 | D:4      | Killed an ogre
  1261 | D:4      | Found a staircase to the Ecumenical Temple.
  1271 | D:4      | Reached skill level 5 in Fire Magic
  1271 | D:4      | Reached XP level 7. HP: 51/51 MP: 9/14
  1274 | Temple   | Entered the Ecumenical Temple
  1394 | D:4      | Found a glowing drain.
  1411 | Sewer    | Entered a sewer
  1438 | Sewer    | Reached skill level 1 in Fighting
  1438 | Sewer    | Reached skill level 5 in Conjurations
  1441 | Sewer    | Reached skill level 5 in Spellcasting
  1718 | D:3      | Reached skill level 1 in Evocations
  1720 | D:3      | Reached XP level 8. HP: 43/59 MP: 3/16
  1907 | D:5      | Entered Level 5 of the Dungeon
  2093 | D:5      | Noticed Edmund
  2107 | D:5      | Mangled by Edmund

Illustrated notes

Levels and vault maps discovered:
D:1:      minmay_arrival_arboretum_small, layout_loops_cross,
          shapermc_ecumenical_altar_acropolis, serial_aquarium,
          aquarium_bridge_square [aquarium_subvault_bridge,
          aquarium_subvault_bridge, aquarium_subvault_balcony,
          aquarium_subvault_bridge], aquarium_bridge_square
          [aquarium_subvault_bridge, aquarium_subvault_bridge,
          aquarium_subvault_bridge, aquarium_subvault_window],
          aquarium_window_3, aquarium_window_fake, aquarium_window_1,
          aquarium_view_2e, aquarium_view_2d
D:2:      layout_basic, basic_altar
D:3:      gammafunk_wand_slinger, layout_loops_ring
D:4:      layout_gridville, nemelex_spade_bored_becter,
          minmay_temple_entry_statues_pillars, portal_sewer_entry_b
D:5:      layout_cave_pods, minmay_misc_feat_five, uniq_edmund
Temple:   hc_temple_tempest_star

Skill      XL: |  1  2  3  4  5  6  7  8 |
---------------+-------------------------+-----
Dodging        | 3 4 |  4.0
Fire Magic     | 4 5 |  5.4
Spellcasting   | 3 4 5 |  5.1
Conjurations   | 2 3 4 5 |  5.1
Fighting       | 1 |  1.0
Evocations     | 2 4 |  4.0
Stealth        | |  1.6
Unarmed Combat | |  0.4

Action                   |  1- 3 |  4- 6 |  7- 9 || total
-------------------------+-------+-------+-------++-------
Melee: Unarmed           |    31 |     7 |    11 ||    49
 Cast: Foxfire           |    43 |    26 |    13 ||    82
       Scorch            |     5 |     4 |    25 ||    34
       Flame Wave        |       |       |     4 ||     4
  Use: Potion            |     2 |       |     1 ||     3
       Scroll            |       |     4 |       ||     4
Armor: Robe              |     6 |       |     2 ||     8
Dodge: Dodged            |    28 |    15 |    21 ||    64
